[Event "Alef Super Stars Standard 2023"]
[Site "Almamsha"]
[Date "2023.12.03"]
[Round "6.1"]
[White "Salem, A.R. Saleh"]
[Black "Yu, Yangyi"]
[Result "1/2-1/2"]
[ECO "E11"]
[WhiteElo "2635"]
[BlackElo "2720"]
[Annotator "TA"]
[PlyCount "66"]
[EventDate "2023.11.27"]
[EventType "tourn"]
[EventCountry "UAE"]
[SourceTitle "playchess.com"]
[Source "ChessBase"]
[SourceQuality "1"]
[TimeControl "40/5400+30:1800+30"]

1. d4 Nf6 2. c4 e6 3. Nf3 Bb4+ 4. Nbd2 d5 5. Qa4+ Nc6 6. a3 Be7 7. Qc2 {[%emt 0:00:54] [#] E11: Bogo-Indian.} dxc4 $146 ({Predecessor:} 7... a5 8. b3 O-O 9. Bb2 a4 10. b4 dxc4 11. Nxc4 b6 12. e3 Bb7 13. Be2 Bd6 14. O-O Ne7 {0-1 Jumabayev,R (2583)-Mamedyarov,S (2733) Wch Blitz Almaty 2022 (2)}) 8. e3 b5 9. b3 O-O 10. bxc4 bxc4 11. Nxc4 Ba6 12. Bd3 Rc8 13. Bb2 Nb8 14. Ng5 g6 {[%emt 0:02:09] Threatens to win with ...c5.} 15. h4 c5 $1 16. d5 exd5 (16... Nxd5 17. Nxh7 Kxh7 18. Bxg6+ Kh6 19. g4 $11) 17. O-O-O $1 Nc6 $1 {[%emt 0:23:04][%cal Oc6d4] Hoping for ...Nd4!} (17... Bxc4 18. Bxc4 Nc6 19. h5 $16) 18. h5 {[%emt 0:03:41][%cal Rh5g6] [#] hxg6! is the strong threat.} Nd4 $1 19. exd4 cxd4 20. hxg6 $1 hxg6 21. Bxg6 Rxc4 (21... dxc4 $2 22. Bh7+ Kh8 23. Rxd4 $18) 22. Rxd4 $2 Rxc2+ $19 23. Bxc2 {[%emt 0:00:07][%cal Od4g4] [#] Rg4! would be deadly.} Qc8 {[%emt 0:05:40] Inhibits Rg4. White must now prevent ...Re8.} 24. Rh3 Re8 25. Rdh4 {[%emt 0:01:54] [#] Prevents Bc5.} d4 $1 26. Bxd4 $40 {[%emt 0:03:03][%mdl 128] Threatening mate with Rh8+. Black needs to defend precisely. The position is equal.} Bxa3+ 27. Rxa3 Re1+ ({Don't do} 27... Re2 28. Rc3 Re1+ 29. Kb2 Qb8+ 30. Bb3 $16 (30. Rb3 Qd6 $14)) 28. Kb2 Re2 $1 29. Rc3 Qb7+ (29... Qf5 $2 30. Ne4 Rxc2+ 31. Kxc2 Qxe4+ 32. Rxe4 Nxe4 33. Rh3 $18) 30. Rb3 Qc7 (30... Qxg2 31. Rb8+) 31. Rc3 {[%emt 0:00:23] Dancing on a razor blade.} Qb7+ (31... Qa5 $5) 32. Rb3 Qc7 (32... Qxg2 {is a self mate.} 33. Rb8+) (32... Qc8 $5 33. Rc3 $8 Qb8+ 34. Rb3 Qc7 $11) 33. Rc3 Re8 $2 {[%emt 0:08:44][%mdl 40960] What a bad dream for Black. A brilliant game!   Weighted Error Value: White=0.27 (precise) /Black=0.36. An unexpected result.} 1/2-1/2

[Event "Alef Super Stars Standard 2023"]
[Site "Almamsha"]
[Date "2023.12.03"]
[Round "6.2"]
[White "Nihal Sarin"]
[Black "Sjugirov, Sanan"]
[Result "1/2-1/2"]
[ECO "D02"]
[WhiteElo "2692"]
[BlackElo "2703"]
[Annotator "TA"]
[PlyCount "49"]
[EventDate "2023.11.27"]
[EventType "tourn"]
[EventCountry "UAE"]
[SourceTitle "playchess.com"]
[Source "ChessBase"]
[SourceQuality "1"]
[TimeControl "40/5400+30:1800+30"]

1. d4 Nf6 2. Nf3 d5 3. Bf4 Bf5 4. e3 e6 5. Bd3 c6 6. O-O {[%emt 0:01:25] D02: 1 d4 d5 2 Nf3 sidelines, including 2...Nf6 3 g3 and 2...Nf6 3 Bf4.} Bd6 7. Bxd6 Qxd6 {[%emt 0:01:12] [#]} 8. c4 $146 ({Predecessor:} 8. Ne5 Bxd3 9. cxd3 Nbd7 10. Nxd7 Nxd7 11. f4 O-O 12. Nd2 c5 13. dxc5 Qxc5 14. d4 {1-0 Salov,V (2250)-Ivanov,V (2197) St Petersburg Nov op 2008 (5)}) 8... Nbd7 9. Bxf5 exf5 10. Qb3 Rb8 11. Qa3 Qxa3 12. Nxa3 Ke7 13. Rfc1 Rhc8 {[%emt 0:23:29] The position is equal.} 14. Kf1 dxc4 15. Nxc4 c5 16. Ncd2 cxd4 17. Nxd4 g6 18. Ke2 Nd5 19. N2b3 N5b6 20. Na5 Na4 21. Rxc8 Rxc8 22. Nxb7 Nxb2 23. Na5 a6 24. Rb1 Na4 {[%emt 0:00:45] [#] Strongly threatening ...Nc3+.} 25. Kd2 {[%emt 0:00:44] A rather calm draw.   Weighted Error Value: White=0.02 (flawless) /Black=0.01 (flawless)} 1/2-1/2